 Dungeon Crawl Stone Soup version 0.31.0-12-g77e489cdc1 (webtiles) character file.

Game seed: 5627902159622885553

447 spaghetti the Cudgeller (level 7, 0/62 HPs)
             Began as a Naga Fighter on Feb 21, 2024.
             Slain by an ogre
             ... wielding a +0 giant club
              (17 damage)
             ... on level 5 of the Dungeon.
             The game lasted 00:03:18 (3046 turns).

spaghetti the Cudgeller (Naga Fighter)              Turns: 3046, Time: 00:03:20

Health: 0/62       AC: 14    Str: 20 (21) XL:     7   Next: 3%
Magic:  7/7        EV:  7    Int:  7 (8)  God:
Gold:   212        SH:  0    Dex:  7 (10) Spells: 6/6 levels left

rFire   . . .        d - +2 mace (holy)
rCold   . . .        c - +0 buckler
rNeg    . . .        o - +4 scale mail
rPois   +            j - +0 helmet
rElec   .            (no cloak)
rCorr   +            n - +2 pair of gloves
SInv    +            (no barding)
Will    .....        (no amulet) Stlth
                     k - +4 ring of slaying
HPRegen 0.30/turn    t - ring of resist corrosion
MPRegen 0.10/turn

%: no passive effects
@: confused, ambrosia-drunk, very slow
A: AC +2, large, see invisible, deformed body, poison resistance, slowness 2,
spit poison 1, naga tail 1
a: Spit Poison


You were on level 5 of the Dungeon.
You visited 1 branch of the dungeon, and saw 5 of its levels.

You collected 212 gold pieces.

Inventory:

Hand Weapons
 a - a +0 flail
 d - a +2 mace of holy wrath (weapon)
Armour
 b - a +0 scale mail
 c - a +0 buckler (worn)
 j - a +0 helmet (worn)
 n - a +2 pair of gloves (worn)
 o - a +4 scale mail (worn)
Jewellery
 k - a +4 ring of slaying (left hand)
 t - a ring of resist corrosion (right hand)
Scrolls
 g - 2 scrolls of amnesia
 h - a scroll of brand weapon
 p - a scroll of revelation
 w - 2 scrolls of immolation
Potions
 l - a potion of attraction {unknown}
 m - a potion of haste {unknown}


   Skills:
 - Level 3.0 Fighting
 + Level 7.3 Maces & Flails
 - Level 2.4 Armour
 - Level 2.6 Shields


You had 6 spell levels left.
You didn't know any spells.
Your spell library contained the following spells:

 Spells                   Type           Power      Damage    Failure   Level
 Ensorcelled Hibernation  Hex/Ice        0%         N/A       95%         2
 Fugue of the Fallen      Necr           0%         N/A       99%         3
 Gell's Gravitas          Tloc           0%         N/A       99%         3
 Teleport Other           Tloc           0%         N/A       99%         3
 Anguish                  Hex/Necr       0%         N/A       100%        4
 Dispersal                Tloc           0%         N/A       100%        6


Dungeon Overview and Level Annotations

Branches:
Dungeon (5/15)
 Temple: D:4-7

Altars:


Innate Abilities, Weirdness & Mutations

Your serpentine skin is tough. (AC +2)
You have supernaturally acute eyesight. (SInv)
Armour fits poorly on your strangely shaped body.
Your system is resistant to poisons. (rPois)
You cover ground very slowly.
You can spit poison.
You have a snake-like lower body.


Message History

It was a scroll of fog.
You have got your breath back.
Aiming: Spit Poison (1% risk of failure)
Press: ? - help, Shift-Dir - straight line, f - orc wizard
Aim: an orc wizard, wielding a +0 dagger and wearing a +0 robe (50% to hit)
The splash of poison hits the orc wizard!
The orc wizard is heavily wounded.
An orc comes into view. It is wielding a +0 club.
Unknown command.
Unknown command.
Unknown command.
Unknown command.
It was a potion of ambrosia.
You are confused.
You feel invigorated.
You have got your breath back.
You miss the orc wizard.
The orc wizard is heavily wounded.
The orc wizard hits you with a +0 dagger.
* * * LOW HITPOINT WARNING * * *
You barely miss the orc wizard.
The orc wizard is heavily wounded.
The ogre looks more healthy.
An orc wizard comes into view. It is wielding a +1 dagger of draining.
Unknown command.
You barely miss the ogre.
The ogre is severely wounded.
The orc wizard shouts!
You hear a shout!
The ogre hits you with a +0 giant club!
* * * LOW HITPOINT WARNING * * *
The orc wizard hits you but does no damage.
Unknown command.
It was a potion of degeneration.
There was something very wrong with that liquid.
You feel weakened.
You feel dopey.
You feel clumsy. The orc hits you with a +0 club.
* * * LOW HITPOINT WARNING * * *
The orc wizard hits you but does no damage.
The ogre hits you with a +0 giant club!
You die...

#...=<.###
#.....##.##
#.........##
.............#
.......##..<###
.......#...##
.###......##
...###§§§#
......§o@##
....§§§oOo##
....o.§§§§§#
#....§§#§§##
.....o.....# .#
....#....####...
..##.#.###.....
#. ###.........
#oO.......


You could see an ogre, an orc wizard and 2 orcs.

Vanquished Creatures
  A black bear (D:5)
  A scorpion (D:4)
  A bombardier beetle (D:4)
  A hound (D:4)
  Terence (D:2)
  An iguana (D:5)
  An orc wizard (D:4)
  Robin (D:2)
  6 adders
  A dart slug (D:4)
  4 ribbon worms
  4 orcs
  2 bats (D:1)
  4 endoplasms
  2 giant cockroaches
  13 goblins
  9 hobgoblins
  2 jackals (D:2)
  4 kobolds
  2 quokkas
  6 ball pythons
  5 frilled lizards
  9 rats
81 creatures vanquished.

Notes
Turn   | Place    | Note
-------+----------+-------------------------------------------
     0 | D:1      | spaghetti the Naga Fighter began the quest for the Orb.
     0 | D:1      | Reached XP level 1. HP: 21/21 MP: 1/1
   182 | D:1      | Reached XP level 2. HP: 25/28 MP: 2/2
   316 | D:1      | Reached skill level 3 in Maces & Flails
   860 | D:2      | Noticed Robin
   869 | D:2      | Reached XP level 3. HP: 22/34 MP: 3/3
   887 | D:2      | Killed Robin
  1134 | D:2      | Reached skill level 4 in Maces & Flails
  1151 | D:2      | Noticed Terence
  1163 | D:2      | Killed Terence
  1164 | D:2      | Reached XP level 4. HP: 38/42 MP: 4/4
  1945 | D:3      | Reached skill level 5 in Maces & Flails
  1948 | D:3      | Reached XP level 5. HP: 47/49 MP: 5/5
  2594 | D:4      | Reached skill level 6 in Maces & Flails
  2594 | D:4      | Reached XP level 6. HP: 50/56 MP: 6/6
  3002 | D:5      | Entered Level 5 of the Dungeon
  3026 | D:5      | Noticed a black bear
  3036 | D:5      | Killed a black bear
  3037 | D:5      | Reached skill level 7 in Maces & Flails
  3037 | D:5      | Reached XP level 7. HP: 22/62 MP: 7/7
  3046 | D:5      | Slain by an ogre

Illustrated notes

Levels and vault maps discovered:
D:1:      reono_arrival_mine, layout_basic
D:2:      layout_loops_ring, st_stairs_6, nicolae_hexahallways,
          minmay_stone_trees_medium, uniq_robin, uniq_terence
D:3:      layout_basic
D:4:      layout_rooms
D:5:      layout_cave_pools, chequers_temple_overflow_minitemple,
          temple_statues, small_statue_intersection, uniq_ijyb,
          uniq_prince_ribbit1, uniq_menkaure

Skill      XL: |  1  2  3  4  5  6 |
---------------+-------------------+-----
Maces & Flails | 3 4 5 6 7 |  7.3
Fighting       | |  3.0
Armour         | |  2.4
Shields        | |  2.6

Action                     |  1- 3 |  4- 6 |  7- 9 || total
---------------------------+-------+-------+-------++-------
  Melee: Flail             |    79 |       |       ||    79
         Mace              |    13 |   117 |     4 ||   134
Ability: Spit Poison       |     2 |     1 |     1 ||     4
    Use: Potion            |     2 |       |     2 ||     4
         Scroll            |       |     9 |     2 ||    11
 Armour: Scale mail        |    91 |   111 |     8 ||   210
  Dodge: Dodged            |    31 |    53 |       ||    84
  Block: Buckler           |    16 |    20 |       ||    36
